 Dungeon Crawl Stone Soup version 0.21-a0-221-gfe971b9 (webtiles) character file.

1199 quepecturno the Grappler (level 8, -4/76 HPs)
             Began as a Troll Berserker on Aug 26, 2017.
             Was a Priest of Trog.
             Slain by a yak (11 damage)
             ... on level 5 of the Dungeon.
             The game lasted 00:21:59 (3534 turns).

quepecturno the Grappler (Troll Berserker)          Turns: 3534, Time: 00:21:59

Health: -4/76      AC:  6    Str: 28    XL:     8   Next: 20%
Magic:  7/7        EV: 11    Int:  3    God:    Trog [***...]
Gold:   256        SH:  0    Dex:  9    Spells: 7/7 levels left

rFire    . . .     SeeInvis .     - Unarmed
rCold    . . .     Gourm    +   (no shield)
rNeg     . . .     Faith    .   a - +0 animal skin
rPois    .         Spirit   .   (helmet restricted)
rElec    .         Reflect  .   q - +0 cloak
rCorr    .         Harm     .   (gloves unavailable)
MR       .....                  (boots unavailable)
Stlth    +.........             (no amulet)
HPRegen  0.62/turn              (no ring)
MPRegen  0.10/turn              (no ring)

@: no status effects
A: unfitting armour, claws 3, fast metabolism 3, gourmand, regeneration 1,
shaggy fur 1, tough skin 2
a: Berserk, Trog's Hand, Burn Spellbooks, Renounce Religion


You were on level 5 of the Dungeon.
You worshipped Trog.
Trog was most pleased with you.
You were very full.

You visited 1 branch of the dungeon, and saw 5 of its levels.

You collected 256 gold pieces.

Inventory:

Armour
 a - a +0 animal skin (worn)
 q - a +0 cloak (worn)
 x - a +0 robe of cold resistance
Scrolls
 e - 2 scrolls of fog {unknown}
 f - 4 scrolls of remove curse {unknown}
 i - 6 scrolls of identify {unknown}
 k - 3 scrolls of teleportation {unknown}
 l - 3 scrolls of amnesia {unknown}
 n - 3 scrolls of random uselessness {unknown}
 r - a scroll of recharging {unknown}
 s - a scroll of enchant armour {unknown}
 t - a scroll of enchant weapon {unknown}
 v - a scroll of magic mapping {unknown}
 w - 2 scrolls of blinking {unknown}
Potions
 c - 2 potions of heal wounds {unknown}
 d - 2 potions of lignification {unknown}
 g - a potion of curing {unknown}
 j - 3 potions of invisibility {unknown}
 m - a potion of flight {unknown}
 p - a potion of cancellation {unknown}
Comestibles
 b - 5 bread rations
 h - 4 fruits
 o - a meat ration


   Skills:
 + Level 3.6 Fighting
 + Level 4.2 Dodging
 + Level 8.8 Unarmed Combat


You had 7 spell levels left.
You didn't know any spells.

Dungeon Overview and Level Annotations

Branches:
Dungeon (5/15)             Temple (0/1) D:4

Altars:


Innate Abilities, Weirdness & Mutations

You are too large for most types of armour.
You have claws for hands.
Your metabolism is lightning-fast.
You like to eat raw meat.
Your natural rate of healing is unusually fast.
You are covered in fur. (AC +1)
You have very tough skin. (AC +2)


Message History

The yak is heavily wounded.
The yak gores you! The yak completely misses you.
You closely miss the yak.
The yak is heavily wounded.
The yak misses you. The yak gores you!
* * * LOW HITPOINT WARNING * * *
The yak gores you!
* * * LOW HITPOINT WARNING * * *
You scratch the yak.
The yak is moderately wounded.
You claw the yak!
The yak is heavily wounded.
The yak gores you but does no damage. The yak closely misses you.
You scratch the yak.
The yak is heavily wounded.
The yak gores you!
* * * LOW HITPOINT WARNING * * *
The yak gores you!
You die...

###..# #..#
###..######..#
.............#####
..............#..#
..............#..#
..............+..#
####.##.###..##..#
#.##.###..##..#
#.....#.....Y@#
#.....#.....YY#
#.....#......Y#
#..####...##..#
#.. ##+####'# ..#
#..# #..# ####


You could see 4 yaks.

Vanquished Creatures
  A yak (D:5)
  A phantom (D:4)
  A black bear (D:3)
  2 ogres
  An elf skeleton (D:4)
  A scorpion (D:5)
  A howler monkey (D:4)
  A crimson imp (D:5)
  A hound (D:4)
  A human zombie (D:4)
  2 jellies
  2 orc wizards
  An iguana (D:4)
  A human skeleton (D:4)
  4 worker ants
  A hound skeleton (D:4)
  A gnoll (D:1)
  8 adders
  2 worms
  2 dart slugs
  9 leopard geckos
  11 orcs
  4 giant cockroaches
  4 goblins
  3 hobgoblins
  8 jackals
  2 quokkas
  A ball python (D:1)
  8 bats
  A frilled lizard (D:2)
  6 kobolds
  3 orc zombies (D:4)
  2 quokka skeletons (D:4)
  6 rats
103 creatures vanquished.

Notes
Turn   | Place    | Note
-------+----------+-------------------------------------------
     0 | D:1      | quepecturno the Troll Berserker began the quest for the Orb.
     0 | D:1      | Reached XP level 1. HP: 22/22 MP: 0/0
   316 | D:1      | Reached XP level 2. HP: 19/29 MP: 1/1
   844 | D:2      | Reached XP level 3. HP: 36/36 MP: 2/2
  1085 | D:2      | Reached ** piety under Trog
  1085 | D:2      | Reached skill level 4 in Unarmed Combat
  1119 | D:2      | Reached XP level 4. HP: 34/44 MP: 3/3
  1728 | D:3      | Found a faded altar of an unknown god.
  1757 | D:3      | Reached XP level 5. HP: 53/53 MP: 4/4
  1942 | D:3      | Noticed a black bear
  1948 | D:3      | Killed a black bear
  1948 | D:3      | Reached skill level 5 in Unarmed Combat
  2179 | D:3      | Noticed an ogre
  2186 | D:3      | Killed an ogre
  2186 | D:3      | Reached XP level 6. HP: 52/61 MP: 5/5
  2403 | D:4      | Reached skill level 6 in Unarmed Combat
  2602 | D:4      | Found a staircase to the Ecumenical Temple.
  2639 | D:4      | Reached *** piety under Trog
  2678 | D:4      | Reached XP level 7. HP: 67/67 MP: 6/6
  2849 | D:4      | Reached skill level 7 in Unarmed Combat
  2883 | D:4      | Found a sand-covered staircase.
  3068 | D:4      | Reached skill level 8 in Unarmed Combat
  3340 | D:5      | Entered Level 5 of the Dungeon
  3463 | D:5      | Reached XP level 8. HP: 74/75 MP: 7/7
  3534 | D:5      | Slain by a yak

Vault maps used:
D:1:      dpeg_arrival_water_fire
D:3:      chequers_ecumenical_altar_simple_redux, first_bread
D:4:      temple_green, nicolae_ossuary_entry_catacombs

Skill      XL: |  1  2  3  4  5  6  7 |
---------------+----------------------+-----
Unarmed Combat | 4 5 6 8 |  8.8
Fighting       | 3 |  3.6
Dodging        | 3 4 |  4.2

Action                   |  1- 3 |  4- 6 |  7- 9 || total
-------------------------+-------+-------+-------++-------
Melee: Unarmed           |    87 |   132 |    92 ||   311
       Punch             |     3 |     3 |     4 ||    10
 Stab: Sleeping          |     1 |     1 |       ||     2
  Eat: Chunk             |     8 |    22 |     7 ||    37
Armor: Animal skin       |    22 |    47 |    16 ||    85
Dodge: Dodged            |    42 |    86 |    33 ||   161

Table legend:
 A = Spawn XP
 B = Non-spawn XP
 C = Spawn XP percentage of total XP
 D = Spawn monster count
 E = Non-spawn monster count
 F = Spawn count percentage of total count
 G = Total turns spent on level
                    A         B        C        D         E        F      G
               +---------+---------+-------+---------+---------+-------+---------
         Total |     127 |    1587 |   7.4 |       6 |      97 |   5.8 |  3534
               +---------+---------+-------+---------+---------+-------+---------
           D:1 |       3 |      36 |   7.7 |       2 |      14 |  12.5 |   770
           D:2 |       3 |      87 |   3.3 |       3 |      18 |  14.3 |   857
           D:3 |       0 |     329 |   0.0 |       0 |      24 |   0.0 |   753
           D:4 |     121 |     709 |  14.6 |       1 |      34 |   2.9 |   960
           D:5 |       0 |     426 |   0.0 |       0 |       7 |   0.0 |   194
               +---------+---------+-------+---------+---------+-------+---------
